Map: Prion Terraces

Players

dTefel (Tefel)

  • Race: Zerg Zerg
  • League: Grandmaster

LiquidMaNa (MaNa) - Winner!

  • Race: Protoss Protoss
  • League: Grandmaster

Event: Corsair Cup 14

VOD

Have the link to the VOD?

Description

Time

  • Played on: March 21, 2016, 3:04 p.m.
  • Length: 14:40

All games in this series

Show
View Real Time Build Order
Export as new Build Order

dTefel Zerg 

Build Orders: Pool First, Lurkers 

Get SALT Encoding   

  12  0:00  Drone  
  13  0:08  Drone  
  14  0:17  Overlord  
  14  0:23  Extractor  
  14  0:25  Drone  
  15  0:36  Drone x2  
  17  0:52  Drone  
  17  0:54  Spawning Pool, Drone  
  18  1:15  Drone  
  18  1:16  Drone  
  20  1:28  Drone  
  20  1:31  Extractor  
  20  1:38  Hatchery  
  19  1:41  Queen  
  21  1:55  Drone  
  21  1:58  Overlord  
  22  2:12  Hatchery  
  22  2:13  Overlord  
  22  2:14  Drone  
  22  2:21  Drone  
  23  2:27  Queen  
  25  2:40  Zergling x2  
  25  2:43  Zergling x2, Metabolic Boost  
  27  2:48  Drone  
  27  2:49  Drone  
  27  2:50  Drone  
  30  2:54  Drone  
  30  2:57  Drone  
  32  3:00  Drone  
  33  3:07  Drone  
  33  3:11  Drone  
  35  3:18  Drone  
  36  3:23  Drone  
  37  3:29  Drone  
  37  3:30  Drone  
  37  3:31  Queen  
  41  3:36  Overlord  
  41  3:37  Roach Warren, Drone x2  
  42  3:42  Overlord  
  42  3:50  Overlord  
  42  3:54  Queen  
  44  3:56  Drone x5  
  44  3:57  Drone  
  44  3:59  Overlord  
  50  4:04  Drone x3  
  50  4:06  Queen  
  50  4:08  Drone x2  
  57  4:12  Spore Crawler  
  55  4:19  Overlord  
  55  4:20  Lair  
  55  4:22  Drone  
  55  4:23  Extractor, Drone  
  55  4:24  Roach  
  58  4:26  Overlord  
  58  4:28  Extractor  
  58  4:29  Overlord  
  58  4:30  Queen  
  58  4:31  Roach  
  61  4:35  Overlord  
  61  4:40  Roach  
  61  4:42  Drone x2  
  64  4:50  Overlord  
  64  4:53  Drone  
  64  4:56  Extractor, Drone  
  64  4:57  Roach x3  
  64  4:59  Overlord  
  71  5:01  Overlord  
  71  5:03  Roach x2  
  71  5:04  Zergling x6  
  71  5:06  Zergling x2  
  79  5:11  Zergling x4  
  79  5:13  Zergling x2  
  82  5:14  Zergling x4, Spore Crawler  
  82  5:19  Overseer  
  83  5:22  Roach  
  83  5:23  Roach  
  83  5:24  Zergling x6  
  83  5:26  Zergling x2  
  83  5:27  Zergling x4  
  83  5:28  Overlord  
  93  5:30  Roach  
  93  5:34  Queen  
  97  5:38  Overlord  
  97  5:39  Zergling x2  
  97  5:40  Zergling x2  
  97  5:41  Zergling x6  
  102  5:51  Overlord, Glial Reconstitution, Roach x2  
  102  5:54  Roach  
  102  5:56  Roach  
  110  5:57  Zergling x4  
  110  5:58  Zergling x6  
  110  6:02  Roach  
  117  6:05  Roach  
  117  6:06  Queen  
  120  6:14  Roach x3  
  120  6:15  Roach  
  120  6:17  Roach x2  
  129  6:25  Roach x3  
  134  6:26  Drone x2  
  134  6:28  Roach  
  138  6:33  Ravager  
  138  6:35  Drone  
  138  6:36  Extractor  
  138  6:38  Evolution Chamber  
  138  6:39  Drone x4  
  142  6:42  Extractor  
  124  6:54  Roach  
  117  7:01  Overlord  
  117  7:04  Overlord  
  117  7:08  Overlord  
  117  7:09  Drone x3, Zerg Missile Weapons Level 1  
  117  7:11  Drone x4  
  117  7:15  Drone x3, Hydralisk Den  
  123  7:20  Ravager x3  
  129  7:23  Overlord  
  129  7:29  Overlord  
  129  7:37  Overlord  
  129  7:43  Hydralisk x10  
  141  7:45  Drone  
  141  7:46  Hydralisk  
  141  7:48  Zergling x4  
  141  7:51  Zergling x2  
  155  7:57  Hydralisk  
  157  7:59  Hydralisk x2  
  154  8:10  Hydralisk x2  
  152  8:14  Hydralisk, Hatchery  
  152  8:17  Zergling x6  
  152  8:18  Zergling x2  
  156  8:31  Hydralisk, Muscular Augments  
  156  8:32  Zergling x4  
  157  8:35  Hydralisk  
  157  8:40  Roach  
  157  8:48  Roach  
  157  8:50  Roach x2  
  157  8:53  Roach x2  
  154  8:56  Roach x2  
  154  8:58  Roach  
  154  9:01  Hydralisk  
  136  9:05  Roach  
  131  9:14  Roach  
  133  9:18  Roach x2  
  133  9:22  Roach  
  133  9:23  Overlord, Roach x2  
  143  9:28  Drone x2  
  143  9:31  Hydralisk  
  145  9:36  Hatchery  
  144  9:38  Zergling x2  
  145  9:46  Lurker Den  
  145  9:47  Hydralisk  
  145  9:48  Hydralisk  
  145  9:50  Hydralisk  
  149  9:55  Hydralisk  
  149  9:57  Hydralisk  
  152  10:00  Zergling x4  
  152  10:04  Hydralisk x2  
  149  10:07  Hydralisk  
  149  10:09  Hydralisk  
  153  10:14  Hydralisk  
  153  10:17  Roach  
  153  10:19  Roach x2  
  153  10:21  Roach  
  163  10:23  Roach  
  163  10:25  Roach  
  163  10:27  Roach  
  170  10:28  Roach  
  170  10:29  Ravager  
  170  10:32  Overseer, Roach  
  173  10:37  Roach  
  173  10:41  Roach  
  173  10:42  Overseer, Roach x2  
  176  10:44  Roach  
  180  10:50  Roach x3  
  183  11:02  Roach x3  
  183  11:03  Zergling x2  
  176  11:04  Roach x3  
  176  11:05  Roach  
  184  11:19  Overlord  
  184  11:33  Overlord  
  184  11:35  Extractor  
  184  11:36  Extractor  
  184  11:38  Zerg Missile Weapons Level 2  
  184  11:41  Overlord  
  184  11:42  Overlord  
  184  11:47  Spire  
  184  11:53  Lurker x4  
  187  11:54  Lurker  
  187  11:58  Roach  
  187  12:00  Drone  
  191  12:04  Roach  
  191  12:08  Roach  
  187  12:11  Roach x2  
  185  12:16  Overseer  
  185  12:20  Roach x2  
  183  12:25  Roach  
  185  12:34  Roach  
  172  12:47  Lurker x8  
  180  12:56  Lurker  
  180  12:57  Hydralisk  
  183  13:05  Roach  
  185  13:13  Roach  
  185  13:16  Roach  
  185  13:18  Roach  
  188  13:22  Hydralisk  
  186  13:30  Hydralisk  
  186  13:37  Hydralisk  
  188  13:42  Hydralisk  
  188  13:45  Overlord  
  190  13:51  Hydralisk  
  186  13:56  Hydralisk  
  185  14:04  Hydralisk  
  180  14:10  Hydralisk  
  180  14:13  Hydralisk  
Show
View Real Time Build Order
Export as new Build Order

LiquidMaNa Protoss - Winner!

Build Orders: 1 Gate Expand, Dark Templar Rush 

Get SALT Encoding   

  12  0:00  Probe (Chrono Boost)  
  13  0:11  Probe (Chrono Boost)  
  14  0:18  Pylon  
  14  0:21  Probe (Chrono Boost)  
  15  0:36  Probe (Chrono Boost)  
  15  0:39  Gateway  
  16  0:47  Probe (Chrono Boost)  
  17  0:55  Assimilator  
  17  0:57  Probe (Chrono Boost)  
  18  1:06  Pylon  
  18  1:08  Probe (Chrono Boost)  
  19  1:30  Nexus  
  19  1:39  Cybernetics Core  
  19  1:42  Probe (Chrono Boost)  
  20  1:49  Assimilator  
  20  1:53  Probe (Chrono Boost)  
  21  1:59  Pylon  
  21  2:03  Probe (Chrono Boost)  
  22  2:14  Probe (Chrono Boost)  
  23  2:17  Stalker (Chrono Boost)  
  23  2:20  Warp Gate  
  25  2:25  Probe  
  26  2:33  Twilight Council  
  26  2:37  Probe (Chrono Boost)  
  26  2:44  Probe (Chrono Boost)  
  27  2:50  Probe (Chrono Boost)  
  29  2:54  Adept (Chrono Boost)  
  29  2:57  Probe (Chrono Boost)  
  32  2:59  Probe (Chrono Boost)  
  33  3:10  Dark Shrine, Probe x2  
  35  3:20  Probe  
  35  3:22  Assimilator  
  35  3:23  Mothership Core  
  38  3:31  Probe  
  38  3:32  Adept (Chrono Boost)  
  41  3:41  Pylon, Probe  
  41  3:44  Gateway, Probe  
  43  3:52  Probe  
  44  3:56  Probe  
  44  3:58  Adept (Chrono Boost)  
  44  4:00  Blink (Chrono Boost)  
  44  4:01  Pylon  
  47  4:03  Probe  
  47  4:08  Probe  
  48  4:15  Probe  
  49  4:20  Probe  
  50  4:27  Nexus, Probe (Chrono Boost)  
  50  4:29  Pylon  
  51  4:31  Dark Templar  
  51  4:37  Probe (Chrono Boost)  
  54  4:41  Dark Templar, Probe (Chrono Boost)  
  57  4:46  Assimilator  
  57  4:47  Pylon  
  57  4:50  Pylon  
  59  4:52  Probe (Chrono Boost)  
  59  4:54  Probe (Chrono Boost)  
  59  5:03  Probe (Chrono Boost)  
  59  5:05  Sentry  
  59  5:06  Robotics Facility, Probe (Chrono Boost)  
  63  5:13  Probe (Chrono Boost)  
  64  5:18  Probe (Chrono Boost)  
  65  5:22  Sentry  
  65  5:24  Probe (Chrono Boost)  
  65  5:27  Gateway  
  68  5:30  Gateway  
  68  5:32  Pylon x2  
  66  5:35  Stalker  
  66  5:41  Gateway  
  66  5:42  Pylon  
  68  5:45  Sentry  
  68  5:47  Pylon  
  70  5:54  Immortal (Chrono Boost)  
  72  5:58  Robotics Bay  
  72  6:02  Zealot  
  72  6:03  Gateway  
  74  6:07  Pylon  
  74  6:12  Probe (Chrono Boost)  
  74  6:13  Probe (Chrono Boost)  
  72  6:19  Sentry  
  74  6:29  Stalker x3  
  74  6:30  Immortal (Chrono Boost)  
  84  6:36  Pylon  
  84  6:37  Pylon  
  82  6:57  Stalker x3  
  82  6:58  Stalker x2  
  90  7:05  Disruptor (Chrono Boost)  
  93  7:10  Pylon, Forge  
  93  7:14  Pylon  
  93  7:25  Stalker x4  
  93  7:27  Stalker  
  103  7:36  Disruptor (Chrono Boost)  
  106  7:44  Pylon  
  106  7:49  Protoss Ground Weapons Level 1 (Chrono Boost)  
  106  8:07  Disruptor  
  107  8:18  Zealot x6  
  119  8:28  Charge  
  119  8:33  Nexus  
  119  8:38  Disruptor  
  119  8:43  Zealot x3  
  119  8:44  Pylon  
  119  8:47  Pylon  
  115  9:05  Stalker x3  
  115  9:06  Stalker  
  115  9:07  Stalker  
  119  9:23  Immortal  
  119  9:25  Zealot  
  119  9:28  Nexus  
  125  9:34  Pylon  
  125  9:41  Dark Templar  
  125  9:53  Dark Templar x2  
  125  9:57  Archon, Zealot  
  125  9:59  Observer  
  130  10:10  Dark Templar x2  
  134  10:16  Archon  
  134  10:18  Pylon  
  134  10:39  Stalker x3  
  140  10:49  Zealot  
  140  10:52  Assimilator  
  140  10:54  Assimilator  
  140  10:58  Immortal  
  140  11:15  Robotics Facility  
  140  11:18  Protoss Ground Weapons Level 2 (Chrono Boost)  
  140  11:25  Zealot x4  
  146  11:35  Observer  
  147  11:43  Nexus  
  147  11:51  Disruptor  
  147  11:55  Templar Archives  
  150  12:26  Zealot x6  
  162  12:33  Disruptor  
  144  12:47  High Templar x2  
  144  12:48  High Templar x4  
  144  12:50  Disruptor  
  159  12:51  Archon  
  159  12:52  Archon, Pylon  
  159  12:53  Archon  
  158  13:01  Pylon  
  158  13:02  Probe x2  
  158  13:03  Pylon, Probe  
  158  13:04  Probe  
  162  13:06  Pylon  
  162  13:11  Disruptor  
  165  13:25  Stargate  
  165  13:29  Assimilator  
  165  13:31  Zealot  
  165  13:33  Probe x2  
  155  13:57  Zealot x6  
Tags
 
Add a new tag
Caveats
  • Supply blocks, unpowered buildings, or Contaminate may cause inaccurate times.
  • Supply counts are checked every 10 seconds.